 Dungeon Crawl Stone Soup version 0.23-a0-667-gc184e93 (console) character file.

176 Duffy the Conjurer (level 5, -6/35 HPs)
             Began as a Demonspawn Fire Elementalist on Jan 8, 2019.
             Mangled by Sigmund
             ... wielding a +2 scythe of venom
              (11 damage)
             ... on level 2 of the Dungeon.
             The game lasted 00:01:48 (2341 turns).

Duffy the Conjurer (Demonspawn Fire Elementalist)   Turns: 2341, Time: 00:01:49

Health: -6/35      AC:  2    Str:  9    XL:     5   Next: 30%
Magic:  4/9        EV: 12    Int: 17    God:
Gold:   114        SH:  0    Dex: 13    Spells: 2/10 levels left

rFire    + + .     SeeInvis .   (no weapon)
rCold    x x .     Gourm    .   (no shield)
rNeg     . . .     Faith    .   a - +0 robe
rPois    .         Spirit   .   (no helmet)
rElec    .         Reflect  .   (no cloak)
rCorr    .         Harm     .   (no gloves)
MR       .....                  (no boots)
Stlth    ++........             (no amulet)
HPRegen  0.11/turn              f - ring of fire
MPRegen  0.11/turn              l - ring of fire

@: lethally poisoned (-6 -> -12)
A: hooves 2
a: no special abilities


You were on level 2 of the Dungeon.
You were not hungry.

You visited 1 branch of the dungeon, and saw 2 of its levels.

You collected 114 gold pieces.

Inventory:

Armour
 a - a +0 robe (worn)
Jewellery
 f - a ring of fire (left hand)
 l - a ring of fire (right hand)
Scrolls
 b - 3 scrolls of identify {unknown}
 d - 2 scrolls of amnesia {unknown}
 e - a scroll of fog {unknown}
 m - a scroll of remove curse {unknown}
 o - a scroll of fear {unknown}
Potions
 g - a potion of flight {unknown}
 h - a potion of ambrosia {unknown}
 j - 2 potions of might {unknown}
 k - a potion of cancellation {unknown}
 n - a potion of curing {unknown}
Comestibles
 c - 3 rations
 i - 4 chunks of flesh


   Skills:
 - Level 1.7 Dodging
 - Level 1.7 Stealth
 + Level 3.0 Spellcasting
 + Level 3.7 Conjurations
 + Level 3.5 Fire Magic


You had 2 spell levels left.
You knew the following spells:

 Your Spells              Type           Power        Failure   Level  Hunger
h - Flame Tongue          Conj/Fire      ####.        3%          1    None
j - Sticky Flame          Conj/Fire      ####....     36%         4    ####...
l - Conjure Flame         Conj/Fire      ####....     12%         3    ###....

Your spell library contained the following spells:

 Spells                   Type           Power        Failure   Level  Hunger
 Throw Flame              Conj/Fire      ####..       6%          2    ##.....
 Inner Flame              Hex/Fire       ###.....     26%         3    ###....
 Fireball                 Conj/Fire      ####......   71%         5    ######.


Dungeon Overview and Level Annotations

Branches:
Dungeon (2/15)

Altars:

Annotations:
D:2 Sigmund


Innate Abilities, Weirdness & Mutations

You have hoof-like feet.


Message History

Casting: Flame Tongue (safe; 3% risk of failure)
Confirm with . or Enter, or press ? or * to list all spells.
You can't see any susceptible monsters within range! (Use Z to cast anyway.)
Casting: Flame Tongue (safe; 3% risk of failure)
Confirm with . or Enter, or press ? or * to list all spells.
You can't see any susceptible monsters within range! (Use Z to cast anyway.)
Casting: Flame Tongue (safe; 3% risk of failure)
Confirm with . or Enter, or press ? or * to list all spells.
You can't see any susceptible monsters within range! (Use Z to cast anyway.)
The goblin shoots a stone.
The stone closely misses you. Something hits you!
You are lethally poisoned!
You barely miss something. Your kick misses something.
You feel sick.
Casting: Flame Tongue (safe; 3% risk of failure)
Confirm with . or Enter, or press ? or * to list all spells.
Aiming: Flame Tongue (safe; 3% risk of failure)
Press: ? - help, Shift-Dir - straight line, f - goblin
Aim: a goblin, wielding a +0 hunting sling You feel a strong surge of power!
The flame tongue hits something.
You feel sick. Something hits you!
You die...

#####
#.....#.#.####.#.#
##.##
#######.#......#.#
..# #.#.######o#
#.#
#.#......#.#####.##
#.######.#.........
#(# ######.... #.#
#.#.. #.# #.##. #@#
#.##. #(# #{### #%#
#o# # #g# #.### #(#
#...# ##(#######
###.# #.(..w....
#{# #......... #.#
#......... #.#


You could see a goblin.

Vanquished Creatures
  An orc priest (D:2)
  Natasha (D:2)
  An orc wizard (D:2)
  2 gnolls (D:1)
  3 adders (D:2)
  2 dart slugs (D:2)
  2 leopard geckos (D:2)
  2 orcs
  2 ball pythons (D:1)
  2 giant cockroaches (D:1)
  8 goblins
  6 hobgoblins
  4 kobolds
  5 bats
  A frilled lizard (D:1)
  4 rats
46 creatures vanquished.

Notes
Turn   | Place    | Note
-------+----------+-------------------------------------------
     0 | D:1      | Duffy the Demonspawn Fire Elementalist began the quest for
                  | the Orb.
     0 | D:1      | Reached XP level 1. HP: 13/13 MP: 3/3
   390 | D:1      | Gained mutation: You have large cloven feet. [demonic
                  | ancestry]
   390 | D:1      | Reached XP level 2. HP: 19/19 MP: 3/5
   976 | D:1      | Reached XP level 3. HP: 18/24 MP: 1/6
   982 | D:1      | Learned a level 3 spell: Conjure Flame
  2010 | D:2      | Reached XP level 4. HP: 30/30 MP: 3/7
  2016 | D:2      | Learned a level 4 spell: Sticky Flame
  2245 | D:2      | Gained mutation: You have hoof-like feet. [demonic
                  | ancestry]
  2245 | D:2      | Reached XP level 5. HP: 33/35 MP: 6/9
  2323 | D:2      | Noticed Natasha
  2325 | D:2      | Noticed Sigmund
  2327 | D:2      | Killed Natasha
  2341 | D:2      | Mangled by Sigmund

Vault maps used:
D:1:      minmay_arrival_loop, nrook_mini_vaults
D:2:      uniq_sigmund, uniq_natasha

Skill      XL: |  1  2  3  4  5 |
---------------+----------------+-----
Conjurations   | 2 3 |  3.7
Fire Magic     | 3 |  3.5
Spellcasting   | 3 |  3.0
Dodging        | |  1.7
Stealth        | |  1.7

Action                   |  1- 3 |  4- 6 || total
-------------------------+-------+-------++-------
Melee: Unarmed           |     5 |     1 ||     6
 Cast: Flame Tongue      |    60 |    21 ||    81
  Eat: Chunk             |     4 |     1 ||     5
Armor: Robe              |     6 |       ||     6
Dodge: Dodged            |    16 |     8 ||    24

Table legend:
 A = Non-vault XP
 B = Vault XP
 C = Vault XP percentage of total XP
 D = Non-vault monster count
 E = Vault monster count
 F = Vault count percentage of total count
                 A         B        C        D         E       F
            +---------+---------+-------+---------+---------+-------
      Total |     216 |      36 |  14.3 |      45 |       1 |   2.2
            +---------+---------+-------+---------+---------+-------
        D:1 |      70 |       0 |   0.0 |      26 |       0 |   0.0
        D:2 |     146 |      36 |  19.8 |      19 |       1 |   5.0
            +---------+---------+-------+---------+---------+-------
